Map: Cerulean Fall LE

Players

NooooooooUse

  • Race: Terran Terran
  • League: Diamond
  • Spawn Location: 7:00

Sugar - Winner!

  • Race: Terran Terran
  • Spawn Location: 1:00

Event: Cheeseadelphia 8

VOD

Have the link to the VOD?

Description

Time

  • Played on: Dec. 8, 2018, 11:05 a.m.
  • Length: 10:17

All games in this series

Show
View Real Time Build Order
Export as new Build Order

NooooooooUse Terran 

Build Orders: Cyclone Opening 

Get SALT Encoding   

  12  0:00  SCV  
  13  0:13  SCV  
  14  0:18  Supply Depot  
  14  0:25  SCV  
  15  0:28  Refinery  
  15  0:39  SCV  
  16  0:45  Barracks  
  16  0:53  SCV  
  17  1:03  Refinery  
  17  1:05  SCV  
  18  1:18  SCV  
  19  1:32  Orbital Command  
  19  1:39  Factory  
  19  1:42  Reaper  
  20  1:48  Supply Depot  
  20  1:57  SCV  
  21  2:09  SCV  
  22  2:21  SCV  
  23  2:30  Starport  
  23  2:31  Factory Tech Lab  
  23  2:33  SCV  
  23  2:35  Barracks Tech Lab  
  24  2:45  SCV  
  24  2:50  Cyclone  
  28  2:54  Supply Depot  
  28  2:58  SCV  
  28  3:10  SCV  
  29  3:21  Command Center  
  29  3:22  SCV  
  29  3:23  Banshee  
  33  3:27  Cloaking Field  
  34  3:34  SCV  
  34  3:37  Barracks Reactor  
  34  3:41  Engineering Bay  
  34  3:46  SCV  
  35  3:55  Supply Depot  
  35  3:58  SCV  
  36  4:12  Banshee  
  39  4:23  SCV  
  35  4:35  SCV  
  35  4:43  Orbital Command  
  35  4:48  SCV  
  30  5:01  SCV  
  26  5:08  Terran Infantry Weapons Level 1  
  26  5:13  SCV  
  26  5:14  Barracks x2  
  29  5:16  SCV  
  27  5:25  SCV  
  24  5:28  SCV  
  23  5:37  SCV  
  23  5:39  Marine  
  23  5:40  SCV  
  23  5:41  Stimpack  
  23  5:42  Hellion x2  
  30  5:49  SCV  
  31  5:52  SCV  
  32  6:01  SCV  
  32  6:03  Marine x2  
  32  6:05  SCV  
  32  6:10  Marine  
  34  6:13  SCV  
  34  6:17  SCV  
  36  6:23  Marine  
  36  6:24  Marine  
  38  6:25  SCV  
  38  6:26  Hellion x2  
  38  6:29  SCV  
  38  6:30  Medivac  
  46  6:37  SCV  
  47  6:41  SCV  
  48  6:50  SCV  
  48  6:53  Marine, SCV  
  48  6:54  Marine x2  
  52  6:56  Widow Mine x2  
  57  7:02  SCV  
  57  7:05  SCV  
  57  7:14  SCV  
  56  7:17  SCV  
  56  7:21  Barracks Reactor x2  
  57  7:26  SCV  
  57  7:28  Refinery, Marine, Command Center  
  57  7:29  Refinery, SCV  
  59  7:38  SCV  
  59  7:41  SCV  
  59  7:43  Supply Depot  
  61  7:46  Marine  
  62  7:59  Supply Depot  
  62  8:04  SCV x2, Siege Tank  
  67  8:09  Marine x3  
  70  8:12  Terran Infantry Armor Level 1  
  70  8:19  Marine  
  70  8:21  Marine, SCV x2  
  70  8:27  Marine x3  
  70  8:28  Combat Shield  
  70  8:30  Viking x2  
  70  8:33  SCV x2  
  73  8:36  Siege Tank  
  71  8:45  SCV x2  
  73  8:54  Marine x2  
  74  8:57  SCV x2  
  74  8:59  Marine  
  75  9:09  SCV x2  
  75  9:10  Marine x2  
  75  9:11  Marine  
  75  9:13  Medivac x2  
  75  9:16  Orbital Command  
  82  9:18  Marine x2  
  82  9:19  Siege Tank  
  82  9:21  SCV x2  
  82  9:23  Barracks  
  89  9:28  Marine x2  
  91  9:34  SCV x2  
  93  9:40  Refinery  
  93  9:43  Refinery  
  89  9:46  SCV x2  
  89  9:51  SCV  
  81  9:53  Marine x2  
  81  9:57  Marine x3  
  81  9:58  SCV x2  
Show
View Real Time Build Order
Export as new Build Order

Sugar Terran - Winner!

Build Orders: Liberator Opening 

Get SALT Encoding   

  12  0:00  SCV  
  13  0:12  SCV  
  14  0:17  Supply Depot  
  14  0:24  SCV  
  14  0:28  Refinery  
  15  0:39  SCV  
  16  0:44  Barracks  
  16  0:51  SCV  
  17  1:03  SCV  
  18  1:15  SCV  
  19  1:31  Orbital Command  
  19  1:32  Reaper  
  20  1:43  Refinery  
  20  1:46  Supply Depot  
  20  1:52  Bunker  
  20  1:54  Factory  
  20  1:59  SCV  
  21  2:04  Marine  
  22  2:11  SCV  
  23  2:23  SCV  
  23  2:26  Barracks Reactor  
  23  2:35  SCV  
  24  2:41  Starport  
  24  2:46  Supply Depot  
  24  2:48  SCV  
  24  2:49  Factory Tech Lab  
  25  3:02  SCV  
  26  3:08  Marine x2  
  26  3:12  Cyclone  
  30  3:18  Medivac  
  32  3:21  Supply Depot  
  32  3:25  SCV  
  33  3:32  Marine  
  33  3:33  Marine  
  35  3:37  Liberator  
  35  3:42  Command Center  
  38  4:00  Marine x2  
  40  4:03  Supply Depot  
  40  4:09  Engineering Bay  
  40  4:20  Cyclone  
  42  4:27  Marine x2  
  44  4:36  Missile Turret  
  44  4:43  Viking  
  38  5:03  Marine  
  38  5:04  SCV  
  37  5:13  Orbital Command  
  37  5:20  SCV  
  38  5:23  Missile Turret  
  35  5:37  Barracks  
  35  5:39  Starport Reactor  
  35  5:44  Barracks  
  35  5:45  Stimpack  
  35  5:47  Factory Tech Lab  
  35  5:50  SCV x2  
  37  6:03  Marine  
  37  6:05  SCV  
  37  6:06  SCV  
  37  6:08  Terran Infantry Weapons Level 1  
  37  6:09  Siege Tank  
  42  6:17  SCV  
  43  6:19  SCV  
  43  6:24  Marine x2  
  43  6:25  Starport Reactor  
  46  6:29  SCV  
  46  6:30  Marine  
  46  6:31  SCV  
  49  6:41  Marine x2  
  49  6:42  Siege Tank  
  49  6:43  SCV  
  55  6:50  Marine x2  
  55  6:51  Marine  
  55  6:53  SCV  
  56  6:54  Supply Depot  
  56  6:55  SCV  
  56  7:00  Marine  
  58  7:05  Barracks  
  58  7:06  Barracks  
  57  7:10  SCV  
  57  7:11  Medivac, Marine x2  
  57  7:12  Medivac  
  57  7:14  SCV  
  65  7:22  Siege Tank  
  68  7:23  Refinery, Marine x3  
  68  7:28  Supply Depot  
  71  7:34  Marine x2  
  71  7:35  SCV  
  74  7:38  SCV  
  74  7:42  Marine  
  76  7:47  SCV  
  77  7:56  Marine  
  77  7:57  Barracks Reactor x2, Combat Shield  
  77  7:58  Marine  
  79  7:59  Command Center  
  79  8:04  Terran Infantry Armor Level 1  
  79  8:05  Refinery  
  79  8:07  Marine x2  
  79  8:09  SCV  
  82  8:15  Supply Depot  
  81  8:23  Marine  
  81  8:24  Marine, Siege Tank  
  81  8:25  Marine, SCV  
  85  8:28  SCV  
  85  8:31  Marine  
  84  8:37  SCV  
  84  8:42  Marine  
  84  8:44  SCV  
  86  8:49  SCV  
  86  8:50  Marine  
  88  8:58  Marine, SCV  
  88  9:00  Siege Tank  
  93  9:06  SCV  
  93  9:08  Marine  
  94  9:11  Medivac, Orbital Command  
  94  9:14  SCV  
  97  9:21  Engineering Bay  
  97  9:22  Armory  
  97  9:24  Supply Depot  
  97  9:25  Marine  
  97  9:26  Supply Depot x2  
  98  9:31  SCV  
  98  9:32  Siege Tank  
  101  9:46  Marine x2  
  101  9:47  Marine  
  101  9:48  SCV  
Tags
 
Add a new tag
Caveats
  • Supply blocks, unpowered buildings, or Contaminate may cause inaccurate times.
  • Supply counts are checked every 10 seconds.